AoeStats
← 雾海上的漫游者

Arabia

506058417Analyzed
1v1 RM · 20d ago on Sep 12, 2026· 55m 7s· 2 players
Game mode
Random Map
Map size
Tiny (2 player)
Population
200
Speed
Normal
Resources
Standard
Victory
Conquest
Starting age
Dark Age
Ending age
Imperial Age
RankedLock teamsTeams togetherTeam positionsShared explorationLock speedFull tech treeHidden civsTurbo modeCheats
Victory
Defeat
🇺🇸 Magyars · United States
950
+18
🇨🇳 Mongols · China
993
-18
pdubs
6:21 Loom
9:34 Feudal Age
11:12 Double-Bit Axe
16:13 Fletching
23:18 Castle Age
31:22 Bodkin Arrow
32:21 Husbandry
32:48 Gold Mining
40:04 Padded Archer Armor
44:35 Scale Mail Armor
44:29 Pikeman
雾海上的漫游者
5:20 Loom
10:25 Feudal Age
11:24 Double-Bit Axe
12:15 Man-at-Arms
13:26 Horse Collar
21:47 Wheelbarrow
25:17 Arson
28:00 Castle Age
27:18 Gold Mining
28:05 Padded Archer Armor
27:56 Fletching
28:04 Pikeman
30:27 Bloodlines
35:24 Elite Skirmisher
37:32 Husbandry
37:46 Forging
37:43 Scale Barding Armor
Connection lost

Rejoining the realm…

Still unreachable

The connection could not be restored.

Session expired

The server has moved on; the page needs a fresh start.